 Dungeon Crawl Stone Soup version 0.31-a0-705-ga145531891 (webtiles) character file.

Game seed: 11135573972913310335

57 dondy the Vexing (level 3, 20/20 HPs)
             Began as a Deep Elf Hexslinger on Sept 9, 2023.
             Was a Plaything of Xom.
             Quit the game on level 2 of the Dungeon.
             The game lasted 00:05:41 (1389 turns).

dondy the Vexing (Deep Elf Hexslinger)              Turns: 1389, Time: 00:05:42

Health: 20/20      AC:  4    Str:  5    XL:     3   Next: 73%
Magic:  8/8        EV: 13    Int: 19    God:    Xom [..*...]
Gold:   94         SH:  5    Dex: 17    Spells: 1/6 levels left

rFire   . . .        a - +1 sling
rCold   . . .        (no shield)
rNeg    + . .        c - +0 robe
rPois   .            (no helmet)
rElec   .            (no cloak)
rCorr   +            m - +0 pair of gloves
SInv    .            e - +0 pair of boots
Will    .....        h - amulet of reflection
Stlth   ++           n - ring of resist corrosion
HPRegen 0.23/turn    r - ring of positive energy
MPRegen 0.11/turn

%: reflection
@: no status effects
A: no striking features
a: Renounce Religion


You were on level 2 of the Dungeon.
You worshipped Xom.
You were a toy of Xom.
You visited 1 branch of the dungeon, and saw 2 of its levels.

You collected 94 gold pieces.

Inventory:

Hand Weapons
 a - a +1 sling (weapon)
 i - a +2 whip of electrocution
Armour
 c - a +0 robe (worn)
 e - a +0 pair of boots (worn)
 m - a +0 pair of gloves (worn)
Jewellery
 h - an amulet of reflection (around neck)
 n - a ring of resist corrosion (left hand)
 r - a ring of positive energy (right hand)
Talismans
 o - a beast talisman
Scrolls
 b - 3 scrolls of poison
 f - a scroll of amnesia {unknown}
 k - a scroll of teleportation {unknown}
 l - a scroll of identify {unknown}
 p - a scroll of noise {unknown}
 s - a scroll of vulnerability {unknown}
Potions
 d - a potion of enlightenment {unknown}
 g - a potion of berserk rage {unknown}
 j - a potion of mutation {unknown}
 q - a potion of cancellation {unknown}


   Skills:
 - Level 1.0 Fighting
 + Level 3.9 Ranged Weapons
 + Level 3.4 Dodging
 - Level 2.0 Spellcasting
 - Level 4.0 Hexes
 - Level 2.0 Fire Magic


You had one spell level left.
You knew the following spells:

 Your Spells              Type           Power      Damage    Failure   Level
a - Jinxbite              Hex            34%        N/A       4%          2
b - Sigil of Binding      Hex            17%        N/A       10%         3

Your spell library contained the following spells:

 Spells                   Type           Power      Damage    Failure   Level
 Inner Flame              Hex/Fire       13%        N/A       14%         3
 Cause Fear               Hex            8%         N/A       32%         4
 Dimensional Bullseye     Hex/Tloc       4%         N/A       58%         4


Dungeon Overview and Level Annotations

Branches:
Dungeon (2/15)

Altars:
Xom


Message History

Found a stone staircase leading up.
There is a stone staircase leading up here.
A dart slug comes into view.
You shoot a sling bullet. The sling bullet hits the dart slug!
The dart slug is severely wounded.
No target in view!
You shoot a sling bullet. The sling bullet hits the dart slug!
You kill the dart slug!
A goblin comes into view. It is wielding a +0 club.
The goblin shouts!
You shoot a sling bullet. The sling bullet hits the goblin.
The goblin is moderately wounded.
A hobgoblin comes into view.
You shoot a sling bullet. The sling bullet misses the goblin.
The hobgoblin shouts!
You shoot a sling bullet. The sling bullet hits the goblin.
You kill the goblin!
You shoot a sling bullet.
The sling bullet hits the hobgoblin but does no damage.
You shoot a sling bullet. The sling bullet hits the hobgoblin.
The hobgoblin is moderately wounded.
You shoot a sling bullet. The sling bullet hits the hobgoblin.
You kill the hobgoblin!
You see here a hobgoblin corpse.
You open the door.
There is an open door here.
You see here an adder corpse.
A frilled lizard comes into view.
You shoot a sling bullet.
The sling bullet hits the frilled lizard.
You kill the frilled lizard!
You now have 94 gold pieces (gained 7).
Found a ring mail.
Found a stone staircase leading down.
s - a scroll labelled RERHIA XUATURO Xom's power almost touches on you for a moment.
One of your 3 scrolls of poison falls out of your pack, then immediately jumps back in!
Done exploring.
Done exploring.
Are you sure you want to abandon this character and quit the game? (Confirm with "yes".)

#..##########.............
#.........................
#.###...##################
#.# #...# #... #.# #####
#... #.# ##### #... #.#
##...###########... #.#
#....+.........#### #.#
#.@..#.........#... #.#
##.####.........#...
#.#####...............'...
#......[..#.#.........#...
#.........#.#.........####
#.........#.#.#########
#.........#.#.## ##
#.........#....# #.
#.........#.#.## #.


There were no monsters in sight!

Vanquished Creatures
  An adder (D:2)
  A worm (D:2)
  A dart slug (D:2)
  4 ball pythons (D:1)
  6 endoplasms
  2 giant cockroaches (D:2)
  6 goblins
  4 hobgoblins (D:2)
  A quokka (D:1)
  2 bats (D:1)
  6 frilled lizards
  4 kobolds
  5 rats
43 creatures vanquished.

Notes
Turn   | Place    | Note
-------+----------+-------------------------------------------
     0 | D:1      | dondy the Deep Elf Hexslinger began the quest for the Orb.
     0 | D:1      | Reached XP level 1. HP: 11/11 MP: 5/5
   108 | D:1      | Reached skill level 1 in Fighting
   146 | D:1      | Reached XP level 2. HP: 16/16 MP: 6/6
   149 | D:1      | Learned a level 2 spell: Jinxbite
   786 | D:2      | Reached XP level 3. HP: 20/20 MP: 8/8
   790 | D:2      | Learned a level 3 spell: Sigil of Binding
   810 | D:2      | Found a faded altar of an unknown god.
   834 | D:2      | Prayed at the altar of an unknown god.
   834 | D:2      | Became a worshipper of Xom the Tricky
  1342 | D:2      | XOM: silly message
  1389 | D:2      | Quit the game

Illustrated notes

Levels and vault maps discovered:
D:1:      saegor_arrival_simple_c, layout_basic, minivault_26
D:2:      layout_basic, shapermc_ecumenical_altar_mp_highgroup

Skill      XL: |  1  2  3 |
---------------+----------+-----
Fighting       | 1 |  1.0
Ranged Weapons | 3 |  3.9
Spellcasting   | 2 |  2.0
Dodging        | 3 |  3.4
Fire Magic     | 2 |  2.0
Hexes          | |  4.0

Action                     || total
---------------------------++-------
   Fire: Sling             ||   119
   Cast: Jinxbite          ||     7
 Armour: Robe              ||    10
  Dodge: Dodged            ||    21
  Block: Other             ||     6

Table legend: (Time is in decaauts)
 A = Elapsed time spent in this place.
 B = Non-inter-level travel time spent in this place.
 C = Inter-level travel time spent in this place.
 D = Time resting spent in this place.
 E = Time spent auto-exploring this place.
 F = Levels seen in this place.
 G = Mean time per level.
                   A        B        C        D        E       F      G
               +--------+--------+--------+--------+--------+-----+--------+
         Total |   1416 |   1401 |     15 |    240 |    868 |   2 |  708.0 |
       Dungeon |   1416 |   1401 |     15 |    240 |    868 |   2 |  708.0 |
               +--------+--------+--------+--------+--------+-----+--------+

Top non-repeatable levels by time:
     D:2: 710 daAuts
     D:1: 705 daAuts
